 Dungeon Crawl Stone Soup version 0.26-a0-712-ga5a9c9c9d0 (webtiles) character file.

Game seed: 3329239843774934804

378 Apogee the Insei (level 6, -3/84 HPs)
             Began as a Draconian Transmuter on Nov 2, 2020.
             Slain by a gnoll
             ... wielding a +0 spear
              (5 damage)
             ... on level 4 of the Dungeon.
             The game lasted 00:07:28 (3856 turns).

Apogee the Insei (Draconian Transmuter)             Turns: 3856, Time: 00:07:28

Health: -3/84      AC:  6    Str: 11 (12) XL:     6   Next: 45%
Magic:  18/18      EV: 12    Int: 13 (14) God:
Gold:   186        SH:  0    Dex: 11 (13) Spells: 5/9 levels left

rFire    . . .     SeeInvis .     - Unarmed
rCold    . . .     Faith    .   (no shield)
rNeg     . . .     Spirit   .   (armour unavailable)
rPois    .         Reflect  .   (helmet restricted)
rElec    .         Harm     .   (no cloak)
rCorr    .         Rampage  .   (no gloves)
MR       .....                  (no boots)
Stlth    ..........             (no amulet)
HPRegen  0.24/turn              m - ring of magical power
MPRegen  0.16/turn              (no ring)

@: berserking (expiring), flying, hasted, very quick
A: unfitting armour, cold-blooded, AC +6
a: no special abilities


You were on level 4 of the Dungeon.
You visited 1 branch of the dungeon, and saw 4 of its levels.

You collected 186 gold pieces.

Inventory:

Missiles
 i - 67 stones (quivered)
Jewellery
 m - a ring of magical power (left hand)
   (You found it on level 3 of the Dungeon)
Scrolls
 b - a scroll of immolation {unknown}
 c - 2 scrolls of identify {unknown}
 d - 2 scrolls of amnesia {unknown}
 g - 3 scrolls of enchant armour {unknown}
 h - 2 scrolls of remove curse {unknown}
 j - a scroll of blinking {unknown}
 o - a scroll of enchant weapon {unknown}
 p - 2 scrolls of teleportation {unknown}
Potions
 a - a potion of curing {@q1}
 f - a potion of flight
 l - a potion of haste {@q3}
 n - a potion of heal wounds {unknown}


   Skills:
 - Level 5.0 Fighting
 - Level 1.7 Dodging
 - Level 5.3 Unarmed Combat
 - Level 2.0 Spellcasting
 + Level 2.3 Transmutations
 + Level 1.2 Poison Magic


You had 5 spell levels left.
You knew the following spells:

 Your Spells              Type           Power        Failure   Level
a - Beastly Appendage     Tmut           #.....       10%         1
x - Spider Form           Tmut/Pois      #.........   36%         3

Your spell library contained the following spells:

 Spells                   Type           Power        Failure   Level
 Wereblood                Tmut           #.......     14%         2
 Ice Form                 Ice/Tmut       #.......     83%         4
 Blade Hands              Tmut           #.........   95%         5


Dungeon Overview and Level Annotations

Branches:
Dungeon (4/15)
 Temple: D:4-7

Altars:
Elyvilon
Makhleb
Nemelex Xobeh

Shops:
D:4 !


Innate Abilities, Weirdness & Mutations

Your plain brown scales are hard. (AC +6)
You cannot fit into any form of body armour.
You are cold-blooded and may be slowed by cold attacks.


Message History

You barely miss the orc wizard. You barely miss the orc wizard.
The orc wizard hits you but does no damage.
You barely miss the orc wizard. You barely miss the orc wizard.
The orc wizard misses you.
You closely miss the orc wizard.
The orc wizard hits you but does no damage.
You closely miss the orc wizard.
The orc wizard mumbles some strange words.
The orc wizard flickers and vanishes!
Deactivating autopickup; reactivate with Ctrl-A.
You hit the orc wizard but do no damage.
The orc wizard hits you with a +0 dagger.
* * * LOW HITPOINT WARNING * * *
It was a potion of degeneration.
There was something very wrong with that liquid.
You feel weakened.
You feel dopey.
You feel clumsy. The orc wizard barely misses you.
It was a potion of berserk rage.
A red film seems to cover your vision as you go berserk!
You feel yourself moving faster!
You feel mighty!
Unknown command.
You miss the orc wizard. You tail-slap the orc wizard.
The orc wizard hits you with a +0 dagger.
* * * LOW HITPOINT WARNING * * *
You punch the orc wizard!
You kill the orc wizard!
Training target 5.0 for Fighting reached!
Your Fighting skill increases to level 5!
You are too berserk!
You feel a strong urge to attack something.
You hear some strange, mumbled words.
A magic dart appears from out of thin air!
The magic dart hits you!
* * * LOW HITPOINT WARNING * * *
You miss something.
The gnoll hits you from afar with a +0 spear.
* * * LOW HITPOINT WARNING * * *
You hit something. Something hits you but does no damage.
You closely miss something. The gnoll closely misses you.
Something hits you but does no damage.
You hit something. You punch something!
Unknown command.
You hit something.
Reactivating autopickup.
Your Poison Magic skill increases to level 1!
You feel a bit more experienced.
The gnoll hits you from afar with a +0 spear.
You die...

#.#.#.###.##
#..... #.#.#.##..#
###.##
#.#.#)##.### #.#
#..........# #.#
#.......(..# #.##
#..o..o....# #.#.
#.gog...>..# #.#.
###)##..#### #(..
#@##.## ####..#
#.#..# ####......
#.#.#####.g.g##..#
#.#g##....#####..#
#.#.##.#### #.)#
#.#o##g# #g).
#.#.#..# #...#.
#.#...## #..###.
#....## #.# .


You could see 2 gnolls and 2 orcs.

Vanquished Creatures
  Jessica (D:3)
  4 orc wizards
  A worker ant (D:4)
  5 gnolls
  A howler monkey skeleton (D:4)
  2 adders
  A shadow imp (D:3)
  3 oozes
  2 worms
  A dart slug (D:1)
  3 leopard geckos
  18 orcs
  A ball python (D:3)
  5 giant cockroaches
  4 goblins
  7 hobgoblins
  15 jackals
  6 bats
  3 frilled lizards
  10 kobolds
  8 rats
101 creatures vanquished.

Notes
Turn   | Place    | Note
-------+----------+-------------------------------------------
     0 | D:1      | Apogee the Draconian Transmuter began the quest for the
                  | Orb.
     0 | D:1      | Reached XP level 1. HP: 16/16 MP: 3/3
   188 | D:1      | Reached XP level 2. HP: 20/24 MP: 3/5
   573 | D:1      | Reached XP level 3. HP: 29/30 MP: 6/6
  1115 | D:2      | Found a sparkling altar of Nemelex Xobeh.
  1650 | D:1      | Reached XP level 4. HP: 16/38 MP: 7/7
  2729 | D:3      | Noticed Jessica
  2749 | D:3      | Killed Jessica
  2749 | D:3      | Reached XP level 5. HP: 28/46 MP: 8/8
  2895 | D:3      | Found a burning altar of Makhleb.
  2895 | D:3      | Found a white marble altar of Elyvilon.
  2941 | D:3      | Found a white marble altar of Elyvilon.
  3339 | D:3      | Reached skill level 5 in Unarmed Combat
  3662 | D:4      | Reached XP level 6. HP: 43/53 MP: 9/9
  3771 | D:4      | Learned a level 3 spell: Spider Form
  3812 | D:4      | Found Diuha's Distillery.
  3849 | D:4      | Reached skill level 5 in Fighting
  3852 | D:4      | HP: 2/84 [gnoll/+0 spear (5)]
  3856 | D:4      | Reached skill level 1 in Poison Magic
  3856 | D:4      | Slain by a gnoll

Illustrated notes

Levels and vault maps discovered:
D:1:      dpeg_arrival_long_road, layout_basic, minmay_heptomino_d4
D:2:      layout_basic, nemelex_lonely_heart_becter
D:3:      layout_loops_cross, gammafunk_temple_overflow_elements,
          elyvilon_altar_5, uniq_jessica
D:4:      layout_rooms, serial_shops, shop_fountains, trog_book

Skill      XL: |  1  2  3  4  5  6 |
---------------+-------------------+-----
Fighting       | 2 3 4 5 |  5.0
Unarmed Combat | 4 5 |  5.3
Poison Magic   | 1 |  1.2
Dodging        | |  1.7
Spellcasting   | |  2.0
Transmutations | |  2.3

Action                   |  1- 3 |  4- 6 || total
-------------------------+-------+-------++-------
Melee: Unarmed           |   121 |   195 ||   316
       Kick              |     9 |    30 ||    39
       Tailslap          |    11 |    16 ||    27
       Headbutt          |       |    16 ||    16
       Punch             |       |     6 ||     6
 Cast: Beastly Appendage |    10 |    17 ||    27
  Use: Potion            |       |     6 ||     6
Armor: Skin              |    41 |    40 ||    81
Dodge: Dodged            |    87 |    95 ||   182

Table legend: (Time is in decaauts)
 A = Elapsed time spent in this place.
 B = Non-inter-level travel time spent in this place.
 C = Inter-level travel time spent in this place.
 D = Time resting spent in this place.
 E = Time spent auto-exploring this place.
 F = Levels seen in this place.
 G = Mean time per level.
                   A        B        C        D        E       F      G
               +--------+--------+--------+--------+--------+-----+--------+
         Total |   3822 |   3636 |    186 |    400 |   2461 |   4 |  955.5 |
       Dungeon |   3822 |   3636 |    186 |    400 |   2461 |   4 |  955.5 |
               +--------+--------+--------+--------+--------+-----+--------+

Top non-repeatable levels by time:
     D:3: 1272 daAuts
     D:1: 1207 daAuts
     D:2: 1076 daAuts
     D:4: 265 daAuts
